 Dungeon Crawl Stone Soup version 0.30-a0-793-g160f7cfddd (webtiles) character file.

Game seed: 10965615528469956518

118 cheesebisquit the Chiller (level 5, 0/38 HPs)
             Began as a Merfolk Ice Elementalist on Feb 19, 2023.
             Slain by a gnoll
             ... wielding a +0 spear
              (4 damage)
             ... on level 3 of the Dungeon.
             The game lasted 00:06:33 (2261 turns).

cheesebisquit the Chiller (MfIE)                    Turns: 2261, Time: 00:06:34

Health: 0/38       AC:  4    Str:  9    XL:     5   Next: 2%
Magic:  1/8        EV: 13    Int: 16    God:
Gold:   157        SH:  0    Dex: 14    Spells: 8/9 levels left

rFire   . . .      SeeInvis .    j - +0 spear
rCold   . . .      Faith    .    (no shield)
rNeg    . . .      Spirit   .    a - +0 robe
rPois   .          Reflect  .    h - +0 helmet
rElec   .          Harm     .    p - +0 cloak
rCorr   .          Rampage  .    (no gloves)
Will    .....                    (no boots)
Stlth   ++                       (no amulet)
HPRegen 0.26/turn                (no ring)
MPRegen 0.11/turn                (no ring)

@: no status effects
A: (nimble swimmer 2), mertail
a: no special abilities


You were on level 3 of the Dungeon.
You visited 1 branch of the dungeon, and saw 3 of its levels.

You collected 157 gold pieces.

Inventory:

Hand Weapons
 f - a +0 long sword
 j - a +0 spear (weapon)
Missiles
 i - 6 boomerangs
Armour
 a - a +0 robe (worn)
 h - a +0 helmet (worn)
 p - a +0 cloak (worn)
Wands
 o - a wand of flame (8)
Scrolls
 d - 4 scrolls of identify {unknown}
 g - 3 scrolls of immolation {unknown}
 k - a scroll of fear {unknown}
 n - a scroll of fog {unknown}
Potions
 b - a potion of magic
 c - 2 potions of brilliance {unknown}
 e - 2 potions of heal wounds {unknown}
 l - 2 potions of flight {unknown}
 m - a potion of haste {unknown}


   Skills:
 + Level 1.8 Fighting
 * Level 2.7 Polearms
 + Level 3.7 Dodging
 - Level 2.1 Stealth
 + Level 2.6 Spellcasting
 + Level 4.9 Ice Magic


You had 8 spell levels left.
You knew the following spells:

 Your Spells              Type           Power      Damage    Failure   Level
a - Freeze                Ice            68%        1d8       2%          1

Your spell library contained the following spells:

 Spells                   Type           Power      Damage    Failure   Level
 Frozen Ramparts          Ice            34%        1d6       8%          3
 Ozocubu's Armour         Ice            17%        N/A       8%          3
 Summon Ice Beast         Ice/Summ       10%        N/A       56%         4


Dungeon Overview and Level Annotations

Branches:
Dungeon (3/15)

Altars:


Innate Abilities, Weirdness & Mutations

((You are very nimble when in or above water. (Stealth+, EV+, Speed+++)))
Your lower body shifts to a powerful aquatic tail in water.


Message History

Reach: j) +0 spear
Press: ? - help, Dir - move target, f - gnoll
Aim: a gnoll, wielding a +0 club (about 35% to evade your +0 spear)
You reach to attack!
You closely miss the gnoll. You freeze the gnoll.
The gnoll is lightly wounded.
The gnoll hits you with a +0 club.
You freeze the gnoll!
The gnoll is severely wounded.
The gnoll hits you with a +0 club.
You freeze the gnoll!
You kill the gnoll!
You freeze the gnoll.
The gnoll is lightly wounded.
The gnoll hits you with a +0 club.
You freeze the gnoll.
The gnoll is heavily wounded.
The gnoll closely misses you.
You freeze the gnoll!
You kill the gnoll!
You have reached level 5!
You feel stronger.
You freeze the gnoll.
The gnoll is lightly wounded.
The gnoll hits you with a +0 club!
The gnoll hits you from afar with a +0 spear.
You hit the gnoll but do no damage.
The gnoll is lightly wounded.
The gnoll hits you with a +0 club.
The gnoll hits you from afar with a +0 spear!
* * * LOW HITPOINT WARNING * * *
You hit the gnoll.
The gnoll is heavily wounded.
The gnoll misses you. The gnoll closely misses you.
You closely miss the gnoll.
The gnoll is heavily wounded.
The gnoll hits you with a +0 club.
* * * LOW HITPOINT WARNING * * *
The gnoll hits you from afar with a +0 spear.
You die...

#.###.#.##.......
#.#.........#.#.#
#.###.####..#.#.###.#.#
#.# #.......†....g.....
#.# #.###...#.#.###.#.#
#.# #...g...g.. #.#
#..##.#.###
#.###..##.#.#
#.@gg........
#.###.###..... #. #.#
###...# #. #.# .#. ..
... #. #.# .. #.. ## ##


You could see 2 gnolls.

Vanquished Creatures
  Crazy Yiuf (D:2)
  Jessica (D:2)
  2 gnolls (D:3)
  An adder (D:3)
  2 dart slugs
  An orc (D:2)
  3 ball pythons
  4 endoplasms
  2 giant cockroaches
  3 quokkas
  3 bats
  3 frilled lizards
  3 kobolds
  3 rats
32 creatures vanquished.

Notes
Turn   | Place    | Note
-------+----------+-------------------------------------------
     0 | D:1      | cheesebisquit the Merfolk Ice Elementalist began the quest
                  | for the Orb.
     0 | D:1      | Reached XP level 1. HP: 13/13 MP: 3/3
   216 | D:1      | Reached XP level 2. HP: 20/20 MP: 3/5
   575 | D:1      | Reached skill level 1 in Fighting
  1220 | D:2      | Reached XP level 3. HP: 24/26 MP: 4/6
  1379 | D:2      | Found a runed translucent door.
  1380 | D:2      | Noticed Crazy Yiuf
  1551 | D:2      | Noticed Jessica
  1565 | D:2      | Reached skill level 1 in Polearms
  1575 | D:2      | Killed Jessica
  1796 | D:2      | Killed Crazy Yiuf
  1797 | D:2      | Reached XP level 4. HP: 7/33 MP: 1/7
  2258 | D:3      | Reached XP level 5. HP: 31/38 MP: 1/8
  2261 | D:3      | Slain by a gnoll

Illustrated notes

Levels and vault maps discovered:
D:1:      scummos_arrival_simple_fountains, layout_rooms
D:2:      layout_loops_corners, uniq_jessica, uniq_crazy_yiuf_cottage
D:3:      layout_basic, nicolae_ru_path_of_blood, minmay_cut_off

Skill      XL: |  1  2  3 |
---------------+----------+-----
Dodging        | 3 |  3.7
Fighting       | 1 |  1.8
Polearms       | 2 |  2.7
Stealth        | |  2.1
Spellcasting   | |  2.6
Ice Magic      | |  4.9

Action                     |  1- 3 |  4- 6 || total
---------------------------+-------+-------++-------
  Melee: Unarmed           |     2 |       ||     2
         Spear             |     8 |     5 ||    13
         Long sword        |     1 |       ||     1
   Cast: Freeze            |    41 |    16 ||    57
   Stab: Sleeping          |     2 |       ||     2
 Armour: Robe              |     4 |     3 ||     7
  Dodge: Dodged            |    18 |     5 ||    23

Table legend: (Time is in decaauts)
 A = Elapsed time spent in this place.
 B = Non-inter-level travel time spent in this place.
 C = Inter-level travel time spent in this place.
 D = Time resting spent in this place.
 E = Time spent auto-exploring this place.
 F = Levels seen in this place.
 G = Mean time per level.
                   A        B        C        D        E       F      G
               +--------+--------+--------+--------+--------+-----+--------+
         Total |   2260 |   2037 |    223 |      0 |   1769 |   3 |  753.3 |
       Dungeon |   2260 |   2037 |    223 |      0 |   1769 |   3 |  753.3 |
               +--------+--------+--------+--------+--------+-----+--------+

Top non-repeatable levels by time:
     D:2: 1221 daAuts
     D:1: 787 daAuts
     D:3: 251 daAuts
